 Dungeon Crawl Stone Soup version 0.13-a0-2672-g649a1be (webtiles) character file.

7681 JacquesDerrida the Basher (level 10, -1/77 HPs)
             Began as a Demigod Skald on Aug 11, 2013.
             Slain by a hill giant
             ... wielding a cursed -2,-1 giant spiked club
              (5 damage)
             ... while paralysed by Maurice
             ... on Level 11 of the Dungeon.
             The game lasted 00:39:57 (11557 turns).

JacquesDerrida the Basher (Demigod Skald)          Turns: 11557, Time: 00:39:58

HP  -1/77        AC 14     Str 23      XL: 10   Next: 58%
MP  20/25        EV  2     Int 16      God:
Gold 450         SH  0     Dex 17      Spells:  4 memorised,  8 levels left

Res.Fire  : . . .   See Invis. : .   C - +2,+0 dire flail (protect)
Res.Cold  : . . .   Warding    : .   b - +0 leather armour
Life Prot.: . . .   Conserve   : .   (no shield)
Res.Poison: .       Res.Corr.  : .   I - +0 cap
Res.Elec. : .       Clarity    : .   D - +2 elf cloak
Sust.Abil.: . .     Spirit.Shd : .   k - +1 pair of gauntlets
Res.Mut.  : +       Stasis     : .   O - +0 pair of boots
Res.Rott. : .       Flight     : .   a - amulet of resist mutation
Saprovore : . . .                    (no ring)
                                     t - +2 ring of strength

@: paralysed, somewhat resistant to hostile enchantments, fairly stealthy
A: no striking features
a: no special abilities


You were on level 11 of the Dungeon.
You were not hungry.

You visited 1 branch of the dungeon, and saw 11 of its levels.

You collected 451 gold pieces.
You spent 21 gold pieces at shops.

Inventory:

Hand weapons
 e - a -1 orcish blowgun
 C - a +2,+0 dire flail of protection (weapon)
 W - a -1,+1 orcish morningstar
Missiles
 l - 2 poisoned darts (quivered)
 p - 29 poisoned needles
Armour
 b - a +0 leather armour (worn)
 k - a +1 pair of gauntlets (worn)
 D - a +2 elven cloak (worn)
 H - a +3 ring mail
 I - a +0 cap (worn)
 O - a +0 pair of boots (worn)
Magical devices
 m - a wand of draining (6) {unknown}
 x - a wand of flame (9)
 G - a wand of fire (6) {unknown}
 Q - a wand of random effects (9)
 Y - a wand of slowing (12) {unknown}
Comestibles
 d - 3 bread rations
 j - 5 rotting chunks of yak flesh
 q - 4 meat rations
 s - a pear
 T - a banana
 X - a sausage
Scrolls
 f - 4 scrolls of remove curse
 h - 2 scrolls of amnesia
 i - 2 scrolls of fear
 r - 5 scrolls of identify
 v - 2 scrolls of enchant weapon I
 w - 4 scrolls of magic mapping
 y - a scroll of recharging
 F - a scroll of teleportation
 J - a scroll of fog
 L - a scroll of enchant weapon II {unknown}
 P - a scroll of holy word {unknown}
 U - a scroll of curse jewellery {unknown}
Jewellery
 a - an amulet of resist mutation (around neck)
 n - an uncursed amulet of guardian spirit
 t - a +2 ring of strength (left hand)
Potions
 g - a potion of confusion
 u - 5 potions of curing
 E - a potion of flight {unknown}
 K - 3 potions of heal wounds
 M - a potion of brilliance {unknown}
 N - a potion of invisibility {unknown}
 R - a potion of agility
Books
 c - a book of Battle

   Spells                             Type                      Level
   *Infusion                          Charms                       1
   *Shroud of Golubria                Charms/Translocation         2
   Song of Slaying                    Charms                       2
   *Spectral Weapon                   Hexes/Charms                 3
   *Regeneration                      Charms/Necromancy            3
   Song of Shielding                  Charms                       4
 z - a book of the Warp

   Spells                             Type                      Level
   Recall                             Summoning/Translocation      3
   Control Teleport                   Charms/Translocation         4
   Phase Shift                        Translocation                5
   Warp Weapon                        Charms/Translocation         5
   Dispersal                          Translocation                6
   Controlled Blink                   Translocation                7
   Disjunction                        Translocation                8
 S - a book of Power

   Spells                             Type                      Level
   Iskenderun's Mystic Blast          Conjuration                  4
   Venom Bolt                         Conjuration/Poison           5
   Bolt of Magma                      Conjuration/Fire/Earth       5
   Fulminant Prism                    Conjuration/Hexes            5
   Iron Shot                          Conjuration/Earth            6
   Orb of Destruction                 Conjuration                  7


   Skills:
 - Level 4.1 Fighting
 - Level 11.1 Maces & Flails
 - Level 0.8 Armour
 + Level 7.1 Dodging
 + Level 4.4 Spellcasting
 - Level 6.1 Charms


You had 8 spell levels left.
You knew the following spells:

 Your Spells              Type           Power        Failure   Level  Hunger
a - Infusion              Chrm           ###...       1%          1    None
b - Shroud of Golubria    Chrm/Tloc      ##........   10%         2    ##.....
c - Spectral Weapon       Hex/Chrm       ##......     14%         3    ###....
d - Regeneration          Chrm/Necr      ##........   14%         3    ###....


Dungeon Overview and Level Annotations

Branches:
Dungeon (11/27)            Temple (0/1) D:4             Orc (0/4) D:6
   Lair: D:8-13

Shops:
D:6: *

Annotations
D:2 Sigmund
D:6 2 exclusions
D:10 Erolcha
D:11 Maurice


Message History

The wight barely misses you. The hill giant completely misses you.
Maurice hits you with a dagger.
* * * LOW HITPOINT WARNING * * *
Maurice steals your 2 scrolls of magic mapping!
The wight hits you with an orcish scimitar.
* * * LOW HITPOINT WARNING * * *
Maurice gestures wildly while chanting.
Maurice seems to move somewhat quicker.
The wight hits you from afar with a halberd.
* * * LOW HITPOINT WARNING * * *
The hill giant hits you with a giant spiked club!
* * * LOW HITPOINT WARNING * * *
The wight barely misses you.
Maurice shouts, "HAHA!"
Maurice gestures wildly while chanting.
Maurice flickers and vanishes!
Deactivating autopickup; reactivate with Ctrl-A.
The wight hits you but does no damage.
The hill giant hits you with a giant spiked club.
You die...

. .## ... .. . #$#
..#. #.# ... ..# #
#z##z##.# #.##..@C...#
###### #......{####
....... #######.#####
.......####..).......#
.......#.<.....#####.#
........#.##.#..#
#........#..#
#.......#.####..##....
.......#.............#


You could see a hill giant and 2 wights.

Vanquished Creatures
  The ghost of foonesh the Basher, a powerful GrSk of Okawaru (D:8)
  A troll (D:10)
  A wyvern (D:10)
  A hungry ghost (D:9)
  A steam dragon (D:8)
  12 yaks
  2 manticores (D:9)
  2 sky beasts (D:9)
  A black bear (D:7)
  3 ice beasts
  4 orc warriors
  6 phantoms
  5 ogres
  A crocodile (D:10)
  5 centaurs
  A gnoll sergeant (D:7)
  3 giant frogs
  A wight (D:11)
  5 crimson imps
  A giant frog zombie (D:10)
  4 goliath beetles
  2 quasits
  2 gnoll shamans (D:6)
  A centaur skeleton (D:6)
  4 orc wizards
  4 worker ants
  2 iguanas (D:5)
  A scorpion (D:7)
  An orc priest (D:5)
  3 jellies
  A big kobold skeleton (D:9)
  35 gnolls
  11 adders
  A big fish zombie (D:2)
  A giant mite (D:1)
  4 worms
  A goliath beetle zombie (D:7)
  An inept feature mimic (D:5)
  2 giant eyeballs
  3 giant geckos
  23 orcs
  A ball python (D:3)
  2 bat zombies
  3 giant cockroaches
  8 hobgoblins
  24 jackals
  2 quokkas
  11 bats
  2 giant newts (D:4)
  A giant spore (D:10)
  5 goblins
  A goblin skeleton (D:4)
  12 kobolds
  An orc skeleton (D:6)
  An orc zombie (D:7)
  20 rats
  A rat zombie (D:2)
259 creatures vanquished.

Vanquished Creatures (others)
  3 spectral weapons
  A gnoll (D:6)
4 creatures vanquished.

Grand Total: 263 creatures vanquished

Notes
Turn   | Place    | Note
--------------------------------------------------------------
     0 | D:1      | JacquesDerrida, the Demigod Skald, began the quest for the Orb.
     0 | D:1      | Reached XP level 1. HP: 16/16 MP: 5/5
   434 | D:1      | Reached XP level 2. HP: 21/23 MP: 6/6
   562 | D:1      | Reached skill level 3 in Maces & Flails
   885 | D:2      | Reached XP level 3. HP: 24/28 MP: 4/9
   931 | D:2      | Learned a level 2 spell: Shroud of Golubria
   984 | D:2      | Noticed Sigmund
  1005 | D:2      | Found an ancient bone altar of Kikubaaqudgha.
  1189 | D:3      | Found a sparkling altar of Nemelex Xobeh.
  1826 | D:3      | Reached skill level 4 in Maces & Flails
  2321 | D:2      | Reached XP level 4. HP: 30/35 MP: 7/11
  2553 | D:4      | Found a staircase to the Ecumenical Temple.
  2728 | D:4      | Paralysed by a giant eyeball for 2 turns
  2911 | D:4      | Noticed a phantom
  3164 | D:4      | Killed a phantom
  3164 | D:4      | Reached skill level 5 in Maces & Flails
  3164 | D:4      | Reached XP level 5. HP: 16/41 MP: 3/13
  3486 | D:4      | Learned a level 3 spell: Spectral Weapon
  3750 | D:5      | Entered Level 5 of the Dungeon
  3960 | D:5      | Noticed an ogre
  3965 | D:5      | Killed an ogre
  3965 | D:5      | Reached skill level 6 in Maces & Flails
  3965 | D:5      | Reached XP level 6. HP: 37/48 MP: 8/15
  4621 | D:6      | Found Uqupojae's General Store.
  4640 | D:6      | Bought a +0 cloak for 21 gold pieces
  4829 | D:5      | Reached XP level 7. HP: 36/53 MP: 12/18
  5477 | D:7      | Reached skill level 7 in Maces & Flails
  6295 | D:7      | Reached skill level 8 in Maces & Flails
  6295 | D:7      | Reached skill level 5 in Charms
  6295 | D:7      | Reached XP level 8. HP: 32/60 MP: 16/19
  7174 | D:6      | Found a staircase to the Orcish Mines.
  7490 | D:8      | Reached skill level 9 in Maces & Flails
  7619 | D:8      | Learned a level 3 spell: Regeneration
  7876 | D:8      | Reached skill level 1 in Dodging
  8120 | D:8      | Noticed foonesh's ghost (powerful GrSk)
  8139 | D:8      | Killed foonesh's ghost
  8139 | D:8      | Reached skill level 10 in Maces & Flails
  8139 | D:8      | Reached XP level 9. HP: 33/66 MP: 12/20
  8990 | D:9      | Found a glowing silver altar of Zin.
  9117 | D:9      | Reached skill level 11 in Maces & Flails
  9526 | D:9      | Reached skill level 5 in Dodging
  9526 | D:9      | Reached XP level 10. HP: 74/74 MP: 16/22
  9599 | D:10     | Entered Level 10 of the Dungeon
 11175 | D:10     | Noticed Erolcha
 11544 | D:11     | Noticed Maurice
 11544 | D:11     | Noticed a hill giant
 11550 | D:11     | Paralysed by Maurice for 7 turns
 11556 | D:11     | HP: 3/77 [hill giant/giant spiked club (9)]
 11557 | D:11     | Slain by a hill giant

Action                   |  1- 3 |  4- 6 |  7- 9 | 10-12 || total
-------------------------+-------+-------+-------+-------++-------
Melee: Mace              |   134 |   150 |    21 |       ||   305
       Flail             |       |       |   108 |       ||   108
       Dire flail        |       |       |   165 |   172 ||   337
 Fire: Blowgun           |       |     5 |    36 |       ||    41
Throw: Dart              |       |       |       |     1 ||     1
 Cast: Infusion          |     5 |    15 |    36 |    17 ||    73
       Shroud of Golubri |       |     5 |    20 |     1 ||    26
       Spectral Weapon   |       |     7 |    26 |    13 ||    46
Evoke: Wand              |     1 |       |     5 |     2 ||     8
  Use: Scroll            |     1 |     7 |     9 |     2 ||    19
       Potion            |     1 |     1 |     2 |       ||     4
 Stab: Sleeping          |     2 |       |     2 |       ||     4
       Distracted        |       |     1 |     1 |     3 ||     5
